 Dungeon Crawl Stone Soup version 0.31-a0-354-g827e0957a7 (webtiles) character file.

Game seed: 438462608109559664

128 randomguy2701 the Chopper (level 5, 0/47 HPs)
             Began as a Hill Orc Monk on July 24, 2023.
             Slain by a black bear (1 damage)
             ... on level 3 of the Dungeon.
             The game lasted 00:11:17 (3924 turns).

randomguy2701 the Chopper (Hill Orc Monk)           Turns: 3924, Time: 00:11:18

Health: 0/47       AC:  4    Str: 16    XL:     5   Next: 11%
Magic:  5/5        EV: 12    Int: 10    God:
Gold:   183        SH:  0    Dex: 13    Spells: 4/4 levels left

rFire   . . .        a - +0 hand axe
rCold   . . .        d - orb {light}
rNeg    . . .        p - +0 leather armour
rPois   .            e - +0 helmet
rElec   .            (no cloak)
rCorr   .            (no gloves)
SInv    .            (no boots)
Will    .....        (no amulet)
Stlth   +            (no ring)
HPRegen 0.27/turn    (no ring)
MPRegen 0.09/turn

%: no passive effects
@: glowing
A: no striking features
a: no special abilities


You were on level 3 of the Dungeon.
You visited 1 branch of the dungeon, and saw 4 of its levels.

You collected 183 gold pieces.

Inventory:

Hand Weapons
 a - a +0 hand axe (weapon)
Armour
 d - an orb of light (worn)
 e - a +0 helmet (worn)
 p - a +0 leather armour (worn)
Talismans
 k - a serpent talisman
Wands
 b - a wand of paralysis (7)
Scrolls
 g - a scroll of poison {unknown}
 j - a scroll of vulnerability {unknown}
 l - a scroll of amnesia {unknown}
 m - 4 scrolls of identify {unknown}
 n - 2 scrolls of enchant weapon {unknown}
 o - 2 scrolls of teleportation {unknown}
 r - a scroll of revelation {unknown}
Potions
 c - 2 potions of curing {unknown}
 f - a potion of might {unknown}
 h - 2 potions of lignification {unknown}
 i - a potion of heal wounds {unknown}
 q - 2 potions of mutation {unknown}
 s - 3 potions of magic {unknown}


   Skills:
 + Level 4.6 Fighting
 + Level 5.6 Axes
 + Level 1.2 Armour
 + Level 3.0 Dodging
 + Level 0.4 Stealth


You had 4 spell levels left.
You didn't know any spells.
Your spell library was empty.

Dungeon Overview and Level Annotations

Branches:
Dungeon (4/15)
 Temple: D:4-7

Altars:
Fedhas

Shops:
D:1 :

Annotations:
D:4 1 runed translucent door, bahustanut's ghost, amateur DsSh


Message History

You climb downwards.
Level annotation: 1 runed translucent door, bahustanut's ghost, amateur DsSh
There is a stone staircase leading up here.
The black bear growls angrily.
The black bear attacks as you move away!
The black bear bites you. The black bear claws you.
The black bear claws you but does no damage.
There is a stone staircase leading up here.
The black bear bites you but does no damage.
The black bear claws you. The black bear barely misses you.
You climb upwards.
The ogre hits you with a +0 giant spiked club!!
* * * LOW HITPOINT WARNING * * *
There is a stone staircase leading down, spattered with blood here.
The black bear attacks as you move away!
The black bear bites you.
* * * LOW HITPOINT WARNING * * *
The black bear closely misses you. The black bear barely misses you.
The black bear attacks as you move away!
The black bear bites you. The black bear claws you.
* * * LOW HITPOINT WARNING * * *
The black bear claws you.
* * * LOW HITPOINT WARNING * * *
The black bear attacks as you move away!
The black bear closely misses you.
The black bear claws you but does no damage.
The black bear claws you.
* * * LOW HITPOINT WARNING * * *
There are monsters nearby!
The black bear bites you!
Keep transforming yourself?
Uppercase [Y]es or [N]o only, please.
Keep transforming yourself?
* * * LOW HITPOINT WARNING * * *
The black bear claws you but does no damage.
The black bear claws you.
* * * LOW HITPOINT WARNING * * *
You begin transforming.
You continue transforming.
The black bear bites you.
You die...

#.....#.##########.....####
###.#.#......O.............
#.........#####.>.........
#..#.####.## ##).......###
#..#.# #...###........###.
##..#.# #...##........###.#
#O..#.###...#........## ##.
#.#.#.....hO.......#)# ##
#.#.#.....@..........# #
#...#....<........####
###.###.#.......##.##
#...............##<#
#.#.###.###....#...# #.#.#
##.#....###..# #.#.#
#.#....#)..# #.#.#
###.###.#..# #.#.# #.#
###.##


You could see a black bear and an ogre.

Vanquished Creatures
  A howler monkey (D:3)
  2 adders (D:3)
  A dart slug (D:4)
  4 orcs
  4 ball pythons
  3 endoplasms
  6 goblins
  13 hobgoblins
  3 jackals (D:2)
  3 quokkas (D:2)
  3 bats
  4 frilled lizards
  7 kobolds
  6 rats
60 creatures vanquished.

Notes
Turn   | Place    | Note
-------+----------+-------------------------------------------
     0 | D:1      | randomguy2701 the Hill Orc Monk began the quest for the
                  | Orb.
     0 | D:1      | Reached XP level 1. HP: 19/19 MP: 1/1
   218 | D:1      | Reached XP level 2. HP: 27/27 MP: 2/2
   601 | D:1      | Found Xubytypt's Book Boutique.
  1630 | D:2      | Reached XP level 3. HP: 19/33 MP: 3/3
  1967 | D:2      | Found a blossoming altar of Fedhas.
  2513 | D:3      | Noticed an ogre
  2720 | D:3      | Reached skill level 5 in Axes
  2720 | D:3      | Reached XP level 4. HP: 33/40 MP: 4/4
  3242 | D:4      | Found a runed translucent door.
  3246 | D:4      | Noticed bahustanut's ghost (amateur DsSh)
  3372 | D:4      | Noticed a black bear
  3692 | D:3      | Reached skill level 1 in Armour
  3692 | D:3      | Reached XP level 5. HP: 25/47 MP: 5/5
  3923 | D:3      | HP: 2/47 [black bear (7)]
  3924 | D:3      | Slain by a black bear

Illustrated notes

Levels and vault maps discovered:
D:1:      amcnicky_arrival_single_pillar, layout_basic, serial_shops, shop,
          serial_rivers, chequers_serial_rivers_micro_e,
          chequers_serial_rivers_room_b, chequers_serial_rivers_large_a,
          chequers_serial_rivers_room_a, nrook_uturn, grunt_decor_junction,
          chequers_big_river, hex_large
D:2:      layout_loops_ring, basic_altar, roderic_serpentine_path, st_stairs_7,
          grunt_decor_mini_mirrors
D:3:      layout_loops_ring, grunt_gozag_statues
D:4:      layout_loops_ring, minmay_overflow_temple_star_quad,
          ebering_ghost_reflecting_pool, feat_on_display

Skill      XL: |  1  2  3  4 |
---------------+-------------+-----
Fighting       | 4 |  4.6
Axes           | 5 |  5.6
Dodging        | 3 |  3.0
Armour         | 1 |  1.2
Stealth        | |  0.4

Action                     |  1- 3 |  4- 6 || total
---------------------------+-------+-------++-------
  Melee: Hand axe          |   113 |    63 ||   176
    Use: Potion            |     1 |       ||     1
 Armour: Robe              |    19 |       ||    19
         Leather armour    |     6 |    18 ||    24
  Dodge: Dodged            |    68 |    35 ||   103
   Form: Anaconda          |     1 |     1 ||     2
                           |     1 |       ||     1

Table legend: (Time is in decaauts)
 A = Elapsed time spent in this place.
 B = Non-inter-level travel time spent in this place.
 C = Inter-level travel time spent in this place.
 D = Time resting spent in this place.
 E = Time spent auto-exploring this place.
 F = Levels seen in this place.
 G = Mean time per level.
                   A        B        C        D        E       F      G
               +--------+--------+--------+--------+--------+-----+--------+
         Total |   3964 |   3820 |    144 |      0 |   2951 |   4 |  991.0 |
       Dungeon |   3964 |   3820 |    144 |      0 |   2951 |   4 |  991.0 |
               +--------+--------+--------+--------+--------+-----+--------+

Top non-repeatable levels by time:
     D:1: 1599 daAuts
     D:2: 1110 daAuts
     D:3: 744 daAuts
     D:4: 511 daAuts
